 Dungeon Crawl Stone Soup version 0.23.1 (webtiles) character file.

Game seed: 119235502203463017

83 Kurtz the Cudgeler (level 4, 0/35 HPs)
             Began as a Mummy Chaos Knight on Mar 1, 2019.
             Was a Plaything of Xom.
             Killed by divine providence
             ... invoked by an orc priest
              (13 damage)
             ... on level 3 of the Dungeon.
             The game lasted 00:01:09 (1595 turns).

Kurtz the Cudgeler (Mummy Chaos Knight)             Turns: 1595, Time: 00:01:11

Health: 0/35       AC:  9    Str: 15    XL:     4   Next: 22%
Magic:  4/4        EV: 11    Int: 11    God:    Xom [..*...]
Gold:   103        SH:  0    Dex: 12    Spells: 3/3 levels left

rFire    . . .     SeeInvis .   i - +0 morningstar
rCold    + . .     Gourm    .   (no shield)
rNeg     + + +     Faith    .   b - +2 leather armour
rPois    ∞         Spirit   .   g - +2 helmet
rElec    .         Reflect  .   (no cloak)
rCorr    .         Harm     .   d - +0 pair of gloves
MR       .....                  (no boots)
Stlth    +.........             (no amulet)
HPRegen  0.11/turn              k - ring of protection from fire
MPRegen  0.09/turn              (no ring)

@: no status effects
A: no food or potions, fire vulnerability, cold resistance 1, negative energy
resistance 3, torment resistance, unbreathing
a: Renounce Religion


You were on level 3 of the Dungeon.
You worshipped Xom.
You were a toy of Xom.
You were not hungry.

You visited 1 branch of the dungeon, and saw 3 of its levels.

You collected 103 gold pieces.

Inventory:

Hand Weapons
 a - a +0 mace of chaos
 i - a +0 morningstar (weapon)
Armour
 b - a +2 leather armour (worn)
 d - a +0 pair of gloves (worn)
 g - a +2 helmet (worn)
Jewellery
 k - a ring of protection from fire (left hand)
Scrolls
 c - 3 scrolls of enchant armour {unknown}
 e - a scroll of fog {unknown}
 f - 2 scrolls of fear {unknown}
 h - a scroll of amnesia {unknown}
 j - 2 scrolls of identify {unknown}
 l - a scroll of blinking {unknown}


   Skills:
 - Level 3.0 Fighting
 * Level 4.2 Maces & Flails
 - Level 1.5 Armour
 - Level 0.7 Dodging


You had 3 spell levels left.
You didn't know any spells.
Your spell library was empty.

Dungeon Overview and Level Annotations

Branches:
Dungeon (3/15)

Altars:

Annotations:
D:3 Terence


Innate Abilities, Weirdness & Mutations

You do not eat or drink.
Your flesh is vulnerable to fire.
You are immune to poison.
Your flesh is cold resistant. (rC+)
You are immune to negative energy. (rN+++)
You are immune to unholy pain and torment.
You can survive without breathing.


Message History

You hit the orc priest but do no damage.
The orc priest hits you but does no damage.
You barely miss the orc priest. The orc misses you.
The orc priest closely misses you.
You barely miss the orc priest. The orc hits you but does no damage.
The orc priest hits you with a +0 hand axe.
The orc closely misses you.
You closely miss the orc priest. The orc priest closely misses you.
The orc closely misses you.
You sock the orc priest!
The orc priest is heavily wounded.
The orc priest hits you but does no damage.
The orc hits you but does no damage.
You hit the orc priest.
The orc priest is severely wounded.
The orc priest hits you but does no damage.
The orc barely misses you.
The orc priest calls down the wrath of Beogh upon you.
Beogh smites you!
You die...

#.....# '.....# #.....###
......... # #.####### ##
.. #.# .' .# #.####
#######r# ..# #....#
#.....#.#...##
####.#######.#..@#@......
................oor......
..........##.#.###...###.
#####.###.##.#.# ...#
#...).....##.#.# ...#
#.###'######.#.# ...#
#............#.# ....
#......#######.# ....#
#......(.......# ....#


You could see an orc priest, an orc and a quokka.

Vanquished Creatures
  3 adders
  A dart slug (D:2)
  A leopard gecko (D:2)
  3 orcs (D:3)
  6 bats
  A giant cockroach (D:2)
  5 goblins
  A hobgoblin (D:1)
  9 jackals
  6 kobolds
  2 quokkas
  A frilled lizard (D:1)
  7 rats
46 creatures vanquished.

Notes
Turn   | Place    | Note
-------+----------+-------------------------------------------
     0 | D:1      | Kurtz the Mummy Chaos Knight began the quest for the Orb.
     0 | D:1      | Reached XP level 1. HP: 18/18 MP: 1/1
    74 | D:1      | Reached XP level 2. HP: 20/24 MP: 2/2
    78 | D:1      | Reached skill level 3 in Maces & Flails
   436 | D:2      | XOM: divination: detect creatures
   718 | D:2      | Reached XP level 3. HP: 25/29 MP: 3/3
  1060 | D:2      | XOM: harmless Fire miscast
  1110 | D:2      | Reached skill level 4 in Maces & Flails
  1197 | D:2      | XOM: harmless Chrm miscast
  1199 | D:2      | XOM: silly message
  1277 | D:3      | XOM: harmless Summ miscast
  1278 | D:3      | Reached XP level 4. HP: 34/35 MP: 4/4
  1381 | D:3      | XOM: medium Erth miscast
  1580 | D:3      | Noticed Terence
  1595 | D:3      | Killed from afar by an orc priest

Skill      XL: |  1  2  3 |
---------------+----------+-----
Maces & Flails | 3 4 |  4.2
Fighting       | |  3.0
Armour         | |  1.5
Dodging        | |  0.7

Action                   |  1- 3 |  4- 6 || total
-------------------------+-------+-------++-------
Melee: Mace              |    88 |       ||    88
       Morningstar       |    34 |    31 ||    65
Armor: Leather armour    |    71 |    21 ||    92
Dodge: Dodged            |    91 |    24 ||   115
